Map: Acolyte LE

Players

Winthrowe - Winner!

  • Race: Terran Terran
  • League: Silver
  • Spawn Location: 7:00

A.I. 1 (Hard)

  • Race: Terran Terran
  • Spawn Location: 1:00

VOD

Have the link to the VOD?

Description

Time

  • Played on: Aug. 19, 2017, 9:03 p.m.
  • Length: 11:34
Show
View Real Time Build Order
Export as new Build Order

Winthrowe Terran - Winner!

Build Orders:  

Get SALT Encoding   

  12  0:01  SCV  
  13  0:13  SCV  
  14  0:22  Supply Depot  
  14  0:25  SCV  
  15  0:44  SCV  
  15  0:45  Barracks  
  16  0:56  SCV  
  17  1:08  Supply Depot, SCV  
  18  1:20  SCV  
  20  1:32  SCV  
  20  1:35  Refinery  
  20  1:36  Marine  
  21  1:50  Command Center  
  21  1:54  Marine  
  22  2:01  Orbital Command  
  22  2:12  Marine  
  23  2:29  Marine  
  23  2:30  Refinery  
  23  2:36  SCV  
  25  2:41  Refinery  
  25  2:47  Marine  
  25  2:48  SCV  
  27  3:00  SCV  
  27  3:02  Refinery  
  27  3:05  Marine  
  29  3:13  SCV  
  30  3:23  Marine  
  30  3:25  SCV  
  32  3:37  SCV  
  32  3:39  Orbital Command  
  32  3:41  Marine  
  34  3:52  Factory  
  34  3:59  Marine  
  35  4:13  SCV  
  35  4:14  SCV  
  35  4:15  Engineering Bay  
  35  4:16  Marine  
  38  4:25  SCV  
  38  4:26  SCV  
  40  4:34  Marine  
  40  4:37  SCV  
  40  4:38  Starport, SCV  
  43  4:41  Engineering Bay  
  43  4:47  Cyclone  
  46  4:57  Supply Depot  
  46  5:01  Supply Depot x2  
  46  5:02  Supply Depot  
  46  5:19  Armory, SCV x2  
  46  5:20  Starport Reactor  
  48  5:36  Barracks Reactor  
  48  5:41  Factory Tech Lab  
  48  5:58  Medivac x2  
  48  6:03  Infernal Pre-Igniter  
  52  6:07  Siege Tank  
  55  6:16  Marine x2  
  57  6:21  Barracks  
  57  6:30  Supply Depot  
  57  6:33  Terran Infantry Weapons Level 1  
  57  6:34  Marine x2, Terran Infantry Armor Level 1  
  57  6:39  Siege Tank  
  62  6:47  Medivac x2  
  62  6:52  Marine x2  
  62  6:53  Supply Depot  
  67  7:09  Marine  
  67  7:10  Marine  
  67  7:12  Hellbat  
  70  7:16  Supply Depot  
  70  7:27  Marine x2  
  70  7:28  Barracks Tech Lab  
  72  7:39  Supply Depot  
  72  7:55  Stimpack  
  72  8:03  Combat Shields  
  72  8:09  Marauder  
  74  8:15  Marauder  
  74  8:17  Hellion  
  74  8:18  Hellion  
  80  8:20  Medivac  
  80  8:23  Medivac  
  84  8:30  Marauder  
  86  8:37  Marauder  
  86  8:39  Hellion x2  
  92  8:52  Marauder  
  94  8:58  Marauder  
  94  9:00  Hellion x2  
  98  9:13  Marauder  
  100  9:19  Marauder  
  100  9:21  Hellion  
  100  9:22  Concussive Shells, Hellion  
  106  9:34  Marauder  
  108  9:41  Marauder  
  110  9:56  Supply Depot  
  110  10:17  Viking, Supply Depot, Hellion x2, Marauder  
  117  10:39  Viking, Hellion x2, Marauder  
  117  10:40  Supply Depot  
  125  11:01  Viking, Hellion x2, Marauder  
  125  11:02  Supply Depot  
Show
View Real Time Build Order
Export as new Build Order

A.I. 1 (Hard) Terran 

Build Orders: MMM Bio 

Get SALT Encoding   

  12  0:00  SCV  
  13  0:13  SCV  
  14  0:19  Supply Depot  
  14  0:25  SCV  
  15  0:40  SCV  
  16  0:44  Barracks  
  16  0:49  Refinery  
  16  0:52  SCV  
  17  1:04  SCV  
  18  1:17  SCV  
  19  1:22  Supply Depot  
  19  1:29  SCV  
  19  1:30  Marine  
  21  1:42  Orbital Command, Barracks  
  21  1:48  Marine  
  21  1:51  Refinery  
  22  2:07  Barracks Tech Lab  
  22  2:09  Supply Depot  
  22  2:25  Marine  
  23  2:33  Marine  
  24  2:43  Marine  
  25  2:49  Supply Depot  
  25  2:51  Marine  
  26  3:00  Marine  
  27  3:08  Marine  
  28  3:17  Supply Depot  
  28  3:18  Marine, SCV  
  30  3:26  Marine  
  31  3:30  SCV  
  31  3:32  Engineering Bay  
  32  3:37  Marauder  
  34  3:42  SCV  
  34  3:44  Marine  
  36  3:54  SCV  
  37  3:57  Marine  
  37  4:02  Marine  
  39  4:06  SCV  
  40  4:15  Marine  
  41  4:18  SCV  
  42  4:34  Marauder  
  44  4:55  Marauder  
  46  5:16  Marauder  
  48  6:08  Barracks Tech Lab  
  48  6:09  Terran Infantry Weapons Level 1, Stimpack  
  48  6:10  Factory  
  48  6:13  Factory  
  48  6:15  Supply Depot  
  48  6:17  Missile Turret, Command Center  
  48  6:19  Missile Turret  
  48  6:22  Barracks  
  48  6:26  Combat Shields  
  48  6:39  Supply Depot  
  48  6:41  Bunker  
  48  6:54  Cyclone  
  48  6:58  Starport  
  48  7:00  Starport, Factory Tech Lab  
  51  7:04  Marine  
  38  7:13  Marine  
  31  7:23  Marine  
  31  7:28  Factory Tech Lab  
  32  7:30  SCV  
  32  7:31  SCV  
  32  7:32  Marine  
  35  7:38  Refinery  
  35  7:40  Missile Turret  
  35  7:41  Marine  
  35  7:42  SCV  
  35  7:43  SCV  
  38  7:50  Missile Turret  
  38  7:51  Marine, Starport Tech Lab x2, Refinery  
  39  7:54  SCV  
  39  7:55  SCV  
  41  8:00  Marine  
  41  8:01  Sensor Tower  
  42  8:06  SCV  
  42  8:08  SCV  
  42  8:10  Marine  
  42  8:11  Raven x2  
  42  8:12  Bunker  
  49  8:18  SCV  
  49  8:19  Marine  
  51  8:20  SCV  
  52  8:28  Armory, Barracks Reactor  
  52  8:29  Marauder  
  52  8:30  SCV  
  52  8:32  SCV  
  56  8:38  Siege Tank  
  59  8:42  SCV  
  59  8:44  SCV  
  59  8:47  Siege Tank  
  64  8:55  SCV  
  65  8:56  Sensor Tower, SCV  
  65  8:57  Marauder  
  65  9:00  Raven  
  67  9:06  Marauder  
  67  9:07  SCV  
  57  9:20  Marine  
  45  9:30  Marauder  
  39  9:34  Hellion  
  29  9:40  SCV  
  29  9:44  SCV  
  26  9:53  SCV  
  26  9:56  SCV, Hellion  
  14  10:52  SCV  
  14  10:54  Supply Depot  
Tags
 
Composition
MMM Bio
League
Silver
Matchup
TvT
Race
Terran
Spawn Locations
Cross Positions
Add a new tag
Caveats
  • Supply blocks, unpowered buildings, or Contaminate may cause inaccurate times.
  • Supply counts are checked every 10 seconds.